 Dungeon Crawl Stone Soup version 0.16.1-5-gaa23807 (webtiles) character file.

46 vatarom the Conjurer (level 3, 18/26 HPs)
             Began as a Draconian Conjurer on Mar 28, 2015.
             Quit the game on level 2 of the Dungeon.
             The game lasted 00:02:18 (1133 turns).

vatarom the Conjurer (Draconian Conjurer)           Turns: 1133, Time: 00:02:18

Health: 18/26      AC:  5    Str: 10    XL:     3   Next: 46%
Magic:  8/8        EV: 12    Int: 16    God:
Gold:   50         SH:  0    Dex:  9    Spells: 3 memorised, 2 levels left

rFire  . . .     SeeInvis .     d - +0 whip
rCold  . . .     Clarity  .     (armour unavailable)
rNeg   . . .     SustAb   .     (no shield)
rPois  .         Gourm    .     (helmet restricted)
rElec  .         Spirit   .     (no cloak)
rCorr  .         Warding  .     (no gloves)
rMut   .         Stasis   .     (no boots)
MR     .....                    (no amulet)
Stlth  +.........               (no ring)
                                (no ring)

@: not resistant to hostile enchantments, very unstealthy
A: unfitting armour, clumsy 1, cold-blooded, placid magic 1, AC +5
a: no special abilities


You were on level 2 of the Dungeon.
You were not hungry.

You visited 1 branch of the dungeon, and saw 2 of its levels.

You collected 50 gold pieces.

Inventory:

Hand weapons
 d - a +0 whip (weapon)
Scrolls
 a - 2 scrolls of identify
 e - a scroll of remove curse
Books
 c - a book of Conjurations

   Spells                             Type                      Level
   a - Magic Dart                     Conjuration                  1
   b - Searing Ray                    Conjuration                  2
   c - Dazzling Spray                 Conjuration/Hexes            3
   d - Fulminant Prism                Conjuration/Hexes            4
   e - Iskenderun's Mystic Blast      Conjuration                  4
   f - Iskenderun's Battlesphere      Conjuration/Charms           5
Comestibles
 b - 2 bread rations


   Skills:
 - Level 1.7 Dodging
 - Level 1.7 Stealth
 + Level 3.3 Spellcasting
 + Level 4.2 Conjurations


You had 2 spell levels left.
You knew the following spells:

 Your Spells              Type           Power        Failure   Level  Hunger
a - Magic Dart            Conj           ##..         1%          1    None
b - Searing Ray           Conj           ##....       2%          2    ##.....
c - Dazzling Spray        Conj/Hex       #.......     16%         3    ###....


Dungeon Overview and Level Annotations

Branches:
Dungeon (2/15)

Altars:


Innate Abilities, Weirdness & Mutations

Your plain brown scales are hard (AC +5).
Your body does not fit into most forms of armour.
Your cold-blooded metabolism reacts poorly to cold.
You are clumsy. (Dex -2)
Your spells are a little easier to cast, but a little less powerful.


Message History

You barely miss the kobold. The kobold misses you.
The giant newt barely misses you.
You closely miss the kobold. The kobold hits you with a short sword.
The giant newt closely misses you.
You hit the kobold.
You kill the kobold!
The giant newt barely misses you.
You barely miss the giant newt.
Your tail-slap misses the giant newt.
The giant newt bites you but does no damage. x2
You completely miss the giant newt.
Your tail-slap misses the giant newt.
The giant newt bites you but does no damage.
You miss the giant newt.
Your tail-slap misses the giant newt.
The giant newt bites you but does no damage.
You barely miss the giant newt. The giant newt bites you.
You barely miss the giant newt. The giant newt barely misses you.
You barely miss the giant newt.
The giant newt bites you but does no damage.
You closely miss the giant newt.
The giant newt bites you but does no damage.
Are you sure you want to abandon this character and quit the game? (Confirm with "yes".)

#.#.#.######
#.#.#......# .
#.#.######.# #.
#.#.....<#.#
#.####.########.#
#....(........#.#
#...^...#####.#.######
#.#...!(..# #.)....<
#......@..# ########
##....)l..# #........#
##.......# #>......#
#######.# .# .#


You could see a giant newt.

Vanquished Creatures
  An adder (D:2)
  3 bats (D:1)
  6 goblins
  3 hobgoblins
  6 jackals (D:2)
  A giant cockroach (D:1)
  3 giant newts
  7 kobolds
  8 rats
38 creatures vanquished.

Notes
Turn   | Place    | Note
--------------------------------------------------------------
     0 | D:1      | vatarom, the Draconian Conjurer, began the quest for the Orb.
     0 | D:1      | Reached XP level 1. HP: 14/14 MP: 3/3
   406 | D:1      | Reached XP level 2. HP: 18/20 MP: 5/5
   562 | D:1      | Learned a level 2 spell: Searing Ray
   842 | D:2      | Reached XP level 3. HP: 18/26 MP: 4/8
   901 | D:2      | Learned a level 3 spell: Dazzling Spray
  1091 | D:2      | Gained mutation: Your spells are a little easier to cast, but a little less powerful. [potion of mutation]
  1091 | D:2      | Gained mutation: You are clumsy. (Dex -2) [potion of mutation]
  1133 | D:2      | Quit the game

Action                   || total
-------------------------++-------
Melee: Whip              ||   109
       Unarmed           ||     6
       Dagger            ||     6
 Cast: Magic Dart        ||    15
       Searing Ray       ||     2
  Use: Potion            ||     5
       Scroll            ||     3
 Stab: Sleeping          ||     3
       Invisible         ||     1
  Eat: Chunk             ||     1
